 Dungeon Crawl Stone Soup version bcrawl-1.27.8b (webtiles) character file.

Game seed: 4268664928350027908

158196 MisterOstroum the Vandal (level 6, -2/30 HPs)
             Began as a Spriggan Arcane Marksman on Nov 12, 2020.
             Killed from afar by an orc wizard (4 damage)
             ... with a magic dart
             ... on level 3 of the Dungeon.
             The game lasted 00:07:58 (3352 turns).

MisterOstroum the Vandal (Spriggan Arcane Marksman) Turns: 3352, Time: 00:07:59

Health: -2/30      AC:  3    Str:  8    XL:     6   Next: 11%
Magic:  11/11      EV: 18    Int: 14    God:
Gold:   189        SH:  0    Dex: 17    Spells: 4/10 levels left

rFire    + . .     SeeInvis +   b - +0 dagger (elec)
rCold    x . .     Gourm    .   (shield restricted)
rNeg     . . .     Faith    .   c - +1 robe
rPois    .         Spirit   .   (helmet restricted)
rElec    .         Reflect  .   (no cloak)
rCorr    .         Harm     .   (gloves unavailable)
MR       +....                  (boots unavailable)
Stlth    ++........             (no amulet)
HPRegen  0.10/turn              (no ring)
MPRegen  0.12/turn              j - ring of fire

@: lethally poisoned (-2 -> -19), hasted and slowed, very quick
A: very small, unfitting armour, see invisible, herbivore, speed 3, slow
metabolism 2
a: no special abilities


You were on level 3 of the Dungeon.
You were hungry.

You visited 1 branch of the dungeon, and saw 3 of its levels.

You collected 189 gold pieces.

Inventory:

Hand Weapons
 a - a +1 hunting sling of flaming
 b - a +0 dagger of electrocution (weapon)
Missiles
 f - 335 sling bullets
 g - 250 stones
 h - 106 poisoned tomahawks (quivered)
 i - 202 arrows
 l - 277 bolts
Armour
 c - a +1 robe (worn)
Jewellery
 j - a ring of fire (right hand)
Wands
 s - a wand of polymorph (8)
Scrolls
 k - a scroll of blinking {unknown}
 n - 2 scrolls of identify {@r1}
 q - a scroll of fog {unknown}
Potions
 d - a potion of heal wounds {unknown}
 m - a potion of might {unknown}
 o - a potion of haste {@q4 !q}
 p - a potion of invisibility {unknown}
 r - a potion of mutation {unknown}
Comestibles
 e - 3 rations {!d}


   Skills:
 - Level 2.2 Fighting
 - Level 3.0 Short Blades
 * Level 4.4 Slings
 - Level 3.0 Dodging
 + Level 1.7 Stealth
 - Level 2.6 Spellcasting
 - Level 3.6 Hexes


You had 4 spell levels left.
You knew the following spells:

 Your Spells              Type           Power        Failure   Level  Hunger
a - Corona                Hex            ##.....      4%          1    None
b - Shackle               Hex            ##......     8%          2    ##.....
c - Inner Flame           Hex/Fire       N/A          32%         3    ####...

Your spell library contained the following spells:

 Spells                   Type           Power        Failure   Level  Hunger
 False Image              Hex/Summ       #.......     32%         3    ####...
 Cause Fear               Hex            ##........   45%         4    #####..
 Yara's Violent Unravell  Hex/Tmut       #.........   71%         4    #####..


Dungeon Overview and Level Annotations

Branches:
Dungeon (3/12)

Altars:

Annotations:
D:1 exclusion: door


Innate Abilities, Weirdness & Mutations

You are very small and have problems with some larger weapons.
You are too small for most types of armour.
You have supernaturally acute eyesight. (SInv)
You are a herbivore.
You cover ground extremely quickly.
You need to consume almost no food.


Message History

Press: ? - help, Shift-Dir - straight line, f/p - worm
Aim: a worm (heavily wounded)
You shoot a stone. The stone hits the worm.
The worm is heavily wounded.
Firing (i - inventory. (/) - cycle)
g - 259 stones (quivered)
Press: ? - help, Shift-Dir - straight line, f/p - worm
Aim: a worm (heavily wounded)
You shoot a stone. The stone barely misses the worm.
Firing (i - inventory. (/) - cycle)
g - 258 stones (quivered)
Press: ? - help, Shift-Dir - straight line, f/p - worm
Aim: a worm (heavily wounded)
You shoot a stone. The stone hits the worm.
The stone burns the worm.
The worm is severely wounded.
Firing (i - inventory. (/) - cycle)
g - 257 stones (quivered)
Press: ? - help, Shift-Dir - straight line, f/p - worm
Aim: a worm (severely wounded)
You shoot a stone. The stone hits the worm.
The stone burns the worm.
You kill the worm!
No target in view!
No target in view!
You see here a whip.
Found a stone staircase leading down.
Key pressed, stopping explore.
You see here a dagger.
The orc wizard shouts!
The orc wizard is too close now for your liking.
Firing (i - inventory. (/) - cycle)
g - 256 stones (quivered)
Press: ? - help, Shift-Dir - straight line, f - orc wizard
Aim: an orc wizard, wielding a +2 dagger of venom and wearing a +0 robe You shoot a stone.
The stone hits the orc wizard.
The stone burns the orc wizard.
The orc wizard is heavily wounded.
Firing (i - inventory. (/) - cycle)
g - 255 stones (quivered)
Press: ? - help, Shift-Dir - straight line, f/p - orc wizard
Aim: an orc wizard, wielding a +2 dagger of venom and wearing a +0 robe (heavily wounded)
You shoot a stone. The stone hits the orc wizard.
The stone burns the orc wizard.
The orc wizard is almost dead.
The orc wizard gestures at you while chanting.
The magic dart hits you!
Casting: Corona (safe; 4% risk of failure)
Confirm with . or Enter, or press ? or * to list all spells.
Aiming: Corona (safe; 4% risk of failure)
Press: ? - help, Shift-Dir - straight line, f/p - orc wizard
Aim: an orc wizard, wielding a +2 dagger of venom and wearing a +0 robe (almost dead, chance to defeat MR: 49%)
The orc wizard resists with significant effort.
You are too injured to fight recklessly!
You are too injured to fight recklessly!
The orc wizard is too close now for your liking.
An orc wizard is nearby!
You are too injured to fight recklessly!
You are too injured to fight recklessly!
You are too injured to fight recklessly!
Firing (i - inventory. (/) - cycle)
g - 254 stones (quivered)
Press: ? - help, Shift-Dir - straight line, f/p - orc wizard
Aim: an orc wizard, wielding a +2 dagger of venom and wearing a +0 robe (almost dead)
You shoot a stone. The stone barely misses the orc wizard.
The orc wizard mumbles some strange words.
The orc wizard seems to speed up.
Firing (i - inventory. (/) - cycle)
g - 253 stones (quivered)
Press: ? - help, Shift-Dir - straight line, f/p - orc wizard
Aim: an orc wizard, wielding a +2 dagger of venom and wearing a +0 robe (almost dead, fast)
You shoot a stone.
The stone completely misses the orc wizard.
Firing (i - inventory. (/) - cycle)
g - 252 stones (quivered)
Press: ? - help, Shift-Dir - straight line, f/p - orc wizard
Aim: an orc wizard, wielding a +2 dagger of venom and wearing a +0 robe (almost dead, fast)
You shoot a stone.
The stone hits the orc wizard but does no damage.
The orc wizard is almost dead.
The orc wizard gestures at you while chanting.
You feel yourself slow down.
The orc wizard points at you and mumbles some strange words.
The magic dart hits you!
Firing (i - inventory. (/) - cycle)
g - 251 stones (quivered)
Press: ? - help, Shift-Dir - straight line, f/p - orc wizard
Aim: an orc wizard, wielding a +2 dagger of venom and wearing a +0 robe (almost dead, fast)
You shoot a stone.
The stone closely misses the orc wizard.
The orc wizard misses you.
Wield which item (- for none, * to show all)? (? for menu, Esc to quit)
Your +1 hunting sling of flaming stops flaming.
You hear the crackle of electricity.
b - a +0 dagger of electrocution (weapon)
The orc wizard hits you but does no damage.
You are poisoned.
You closely miss the orc wizard.
The orc wizard is almost dead.
You feel sick. The orc wizard barely misses you.
The orc wizard gestures at you while chanting.
The magic dart hits you!
* * * LOW HITPOINT WARNING * * *
It was a potion of haste.
You feel yourself speed up.
* * * LOW HITPOINT WARNING * * *
You feel sick.
The orc wizard hits you but does no damage.
You are more poisoned.
The orc wizard casts a spell at you. The magic dart hits you.
You die...

#.# #..##########.#### #
#..##............. #.
#..##.#######)#### ##.
#..##.# #.#
#>..#..##.#######.#
#...#..##.........#
#..........########
#...#@o##)########## #.#
#.)##.)..†.....#
#.###.###..###########.#
#..........# #.#
#####.###.## ##.### #.#
#.# ########...#. ##.#
#.. ............. #..#
#### ########...## #.##
##...#


You could see an orc wizard.

Vanquished Creatures
  An orc priest (D:3)
  2 orc wizards (D:3)
  Jessica (D:3)
  Ijyb (D:3)
  A worker ant (D:2)
  5 adders (D:3)
  An ooze (D:2)
  3 worms
  A dart slug (D:2)
  4 leopard geckos
  9 orcs (D:3)
  5 bats
  4 giant cockroaches
  2 goblins
  7 hobgoblins
  9 jackals
  A frilled lizard (D:2)
  8 kobolds
  4 rats
69 creatures vanquished.

Notes
Turn   | Place    | Note
-------+----------+-------------------------------------------
     0 | D:1      | MisterOstroum the Spriggan Arcane Marksman began the quest
                  | for the Orb.
     0 | D:1      | Reached XP level 1. HP: 10/10 MP: 5/5
   173 | D:1      | Reached skill level 2 in Slings
   314 | D:1      | Reached XP level 2. HP: 12/14 MP: 6/6
   508 | D:1      | Learned a level 2 spell: Shackle
  1199 | D:2      | Reached XP level 3. HP: 16/18 MP: 6/8
  1236 | D:2      | Reached skill level 3 in Slings
  1510 | D:2      | Reached XP level 4. HP: 22/22 MP: 9/9
  2144 | D:3      | Noticed Ijyb
  2147 | D:3      | Noticed Jessica
  2153 | D:3      | Killed Jessica
  2153 | D:3      | Reached skill level 4 in Slings
  2166 | D:3      | Killed Ijyb
  2166 | D:3      | Reached skill level 1 in Short Blades
  2218 | D:3      | Reached XP level 5. HP: 11/26 MP: 10/10
  2528 | D:3      | Learned a level 3 spell: Inner Flame
  2735 | D:3      | Reached skill level 1 in Stealth
  3130 | D:3      | Reached XP level 6. HP: 30/30 MP: 8/11
  3352 | D:3      | Killed from afar by an orc wizard

Skill      XL: |  1  2  3  4  5 |
---------------+----------------+-----
Slings         | 2 3 4 |  4.4
Short Blades   | 1 3 |  3.0
Fighting       | 2 |  2.2
Stealth        | 1 |  1.7
Dodging        | |  3.0
Spellcasting   | |  2.6
Hexes          | |  3.6

Action                   |  1- 3 |  4- 6 || total
-------------------------+-------+-------++-------
Melee: Dagger            |    27 |    27 ||    54
 Fire: Hunting sling     |   109 |   126 ||   235
Throw: Tomahawk          |       |    20 ||    20
 Cast: Corona            |    15 |    14 ||    29
       Inner Flame       |       |     1 ||     1
       Shackle           |       |     1 ||     1
  Use: Scroll            |     2 |       ||     2
       Potion            |       |     1 ||     1
 Stab: Sleeping          |     2 |       ||     2
  Eat: Ration            |       |     2 ||     2
Armor: Robe              |     6 |     6 ||    12
Dodge: Dodged            |    62 |    47 ||   109
